 Dungeon Crawl Stone Soup version 0.26-a0-854-gdc81c2f471 (webtiles) character file.

Game seed: 18256541071026408814

43537 RaHiT the Covert (level 14, 0/94 HPs)
             Began as an Octopode Delver on Nov 21, 2020.
             Was the Champion of Cheibriados.
             Killed by the air
             ... invoked by a wind drake
              (17 damage)
             ... on level 6 of the Lair of Beasts on Nov 23, 2020.
             The game lasted 02:27:41 (19263 turns).

RaHiT the Covert (Octopode Delver)                 Turns: 19263, Time: 02:27:41

Health: 0/94       AC:  1    Str: 33    XL:     14   Next: 24%
Magic:  21/33      EV: 27    Int: 36    God:    Cheibriados [******]
Gold:   973        SH: 17    Dex: 34    Spells: 13/27 levels left

rFire    + . .     SeeInvis .     - Unarmed
rCold    + . .     Faith    .   c - +3 buckler
rNeg     . . .     Spirit   .   (helmet restricted)
rPois    .         Reflect  +   A - amulet of reflection
rElec    +         Harm     .   V - +6 ring of dexterity
rCorr    .         Rampage  .   w - +4 ring of slaying
MR       +....                  C - +4 ring of evasion
Stlth    ++++++++..             S - ring of Denauhof {rElec rC+ Str+6 Int+4}
HPRegen  0.25/turn              (no ring)
MPRegen  0.23/turn              (no ring)
                                X - ring of protection from fire
                                u - ring of magical power

@: mighty, frozen, very slow
A: almost no armour, stealthy swim, amphibious, 8 rings, constrict 8, tentacle
spike 2, camouflage 1, gelatinous body 1, subdued magic 1
a: Bend Time, Temporal Distortion, Slouch, Step From Time, Renounce Religion


You were on level 6 of the Lair of Beasts.
You worshipped Cheibriados.
Cheibriados was exalted by your worship.
You visited 3 branches of the dungeon, and saw 18 of its levels.
You also visited: Sewer and Gauntlet.

You collected 1189 gold pieces.
You spent 216 gold pieces at shops.

Inventory:

Hand Weapons
 L - the +2 trident of Moral Flaws {freeze, +Fly rC+ SInv}
   (You found it on level 7 of the Dungeon)

   It has been specially enchanted to freeze those struck by it, causing extra
   injury to most foes and up to half again as much damage against particularly
   susceptible opponents.
   It can also slow down cold-blooded creatures.
   It protects you from cold.
   It lets you see invisible.
   It lets you fly.
Missiles
 d - 7 boomerangs of dispersal
 f - 645 stones (quivered)
 m - 165 bolts
 v - 2 throwing nets
 D - 9 boomerangs
 K - 25 silver javelins
 Z - 2 curare-tipped darts
Armour
 c - a +3 buckler (worn)
Magical Staves
 I - an uncursed staff of fire
Jewellery
 u - a ring of magical power (on tentacle)
 w - a +4 ring of slaying (right tentacle)
 A - an amulet of reflection (around mantle)
 B - an uncursed ring of fire
 C - a +4 ring of evasion (on tentacle)
 E - an uncursed ring of ice
 J - an uncursed ring of stealth
 N - an uncursed ring of teleportation
 S - the ring of Denauhof (on tentacle) {rElec rC+ Str+6 Int+4}
   (You bought it in a shop on level 10 of the Dungeon)

   [ring of strength]

   It affects your strength (+6).
   It affects your intelligence (+4).
   It protects you from cold.
   It insulates you from electricity.
 V - a +6 ring of dexterity (left tentacle)
 W - the ring of Intercession {rF- rC+ MR++ Str+3 Slay-4}
   (You found it in a Gauntlet)

   [ring of protection from cold]

   It affects your strength (+3).
   It affects your accuracy and damage with ranged weapons and melee attacks
   (-4).
   It makes you vulnerable to fire.
   It protects you from cold.
   It affects your resistance to hostile enchantments.
 X - a ring of protection from fire (on tentacle)
Wands
 e - a wand of digging (9)
 i - a wand of paralysis (14)
 p - a wand of polymorph (43)
 r - a wand of acid (8)
 x - a wand of disintegration (7)
 F - a wand of iceblast (7)
 H - a wand of enslavement (14)
 P - a wand of flame (8)
Scrolls
 a - 3 scrolls of fog
 b - 4 scrolls of magic mapping
 g - 5 scrolls of teleportation
 n - 4 scrolls of enchant weapon
 s - 6 scrolls of remove curse
 t - 5 scrolls of amnesia
 y - 2 scrolls of fear
 z - 5 scrolls of blinking
 G - 3 scrolls of immolation
 Q - a scroll of summoning
 U - 2 scrolls of enchant armour
Potions
 h - 4 potions of brilliance
 j - 11 potions of curing
 k - 5 potions of heal wounds
 l - 3 potions of might
 o - 2 potions of cancellation
 q - a potion of flight
 M - 4 potions of attraction
 O - a potion of resistance
 T - 2 potions of lignification
 Y - a potion of ambrosia
Miscellaneous
 R - a phial of floods


   Skills:
 - Level 8.0 Fighting
 - Level 8.0 Throwing
 - Level 8.0 Dodging
 - Level 10.0 Stealth
 - Level 8.0 Shields
 - Level 8.0 Unarmed Combat
 - Level 7.0 Spellcasting
 - Level 6.0 Hexes
 + Level 5.8 Transmutations
 + Level 5.8 Earth Magic
 - Level 9.0 Invocations
 - Level 8.0 Evocations


You had 13 spell levels left.
You knew the following spells:

 Your Spells              Type           Power        Failure   Level
a - Confusing Touch       Hex            #####...     1%          3
b - Cause Fear            Hex            #####.....   1%          4
c - Statue Form           Tmut/Erth      #####....    36%         6
o - Apportation           Tloc           #.....       2%          1

Your spell library contained the following spells:

 Spells                   Type           Power        Failure   Level
 Corona                   Hex            #####..      1%          1
 Ensorcelled Hibernation  Hex/Ice        ####..       1%          2
 Slow                     Hex            #####...     1%          2
 Dazzling Flash           Conj/Hex       ####..       1%          3
 Inner Flame              Hex/Fire       ####....     1%          3
 Portal Projectile        Hex/Tloc       ####..       1%          3
 Tukima's Dance           Hex            #####...     1%          3
 Leda's Liquefaction      Hex/Erth       #####.....   1%          4
 Animate Skeleton         Necr           #.....       2%          1
 Foxfire                  Conj/Fire      #...         2%          1
 Magic Dart               Conj           #...         2%          1
 Pain                     Necr           #...         2%          1
 Summon Small Mammal      Summ           #...         2%          1
 Searing Ray              Conj           #.....       3%          2
 Fulminant Prism          Conj/Hex       ####......   7%          4
 Conjure Flame            Conj/Fire      #.......     8%          3
 Vampiric Draining        Necr           #.........   8%          3
 Irradiate                Conj/Tmut      ####......   22%         5
 Animate Dead             Necr           #.........   26%         4
 Iskenderun's Mystic Bla  Conj/Tloc      #.......     26%         4
 Sticky Flame             Conj/Fire      #.......     26%         4
 Hydra Form               Tmut           #####.....   36%         6
 Agony                    Necr           #.......     61%         5
 Fireball                 Conj/Fire      #.........   61%         5
 Dragon Form              Tmut           #####.....   92%         7
 Chain Lightning          Conj/Air       #.........   100%        8
 Lehudib's Crystal Spear  Conj/Erth      ####......   100%        8
 Absolute Zero            Ice            #.........   100%        9
 Fire Storm               Conj/Fire      #.........   100%        9


Dungeon Overview and Level Annotations

Branches:
Dungeon (11/15)            Temple (1/1) D:4            Lair (6/6) D:9
  Swamp (0/4) Lair:3       Spider (0/4) Lair:4        Slime (0/5) Lair:6
    Orc (0/2) D:11          Sewer (visited)         Gauntlet (visited)

Altars:
Ashenzari
Cheibriados
Dithmenos
Elyvilon
Fedhas
Gozag
Hepliaklqana
Kikubaaqudgha
Makhleb
Nemelex Xobeh
Okawaru
Qazlal
Ru
Sif Muna
Trog
Uskayaw
Vehumet
Wu Jian
Xom
Yredelemnul
Zin
The Shining One
Jiyva

Shops:
D:5 (   D:10 }*   D:11 *

Annotations:
D:2 Natasha (1 kill)
D:7 exclusion: cyclops


Innate Abilities, Weirdness & Mutations

You cannot wear most types of armour.
You are very stealthy in the water. (Stealth+)
You are amphibious.
You can wear up to eight rings at the same time.
You can use your tentacles to constrict eight enemies at once.
Your skin changes colour to match your surroundings (Stealth+).
Your rubbery body absorbs attacks. (AC +1, EV +1)
One of your tentacles bears a nasty spike.
Your spells are a little easier to cast, but a little less powerful.


Message History

You remove the ring of Intercession {rF- rC+ MR++ Str+3 Slay-4}.
Remove which piece of jewellery? (? for menu, Esc to quit)
You remove your ring of ice.
Found 10 gold pieces.
The wind drake bites you! The wind drake flaps its wings at you.
The air twists around and strikes you!
The rime drake hisses angrily.
You can feel time thicken for a moment.
The rime drake breathes ice at you. The flash freeze hits you!!
You partially resist.
* * * LOW HITPOINT WARNING * * *
You are encased in ice.
You block the wind drake's attack. You block the rime drake's attack.
You can feel time thicken for a moment.
You kill the rime drake!
Cheibriados thoroughly appreciates the change of pace.
The wind drake flaps its wings at you. The air twists around and strikes you!
You die...

P##≈≈##≈≈...........#.
≈≈≈≈≈≈≈≈≈≈≈≈........÷.
≈≈≈≈≈≈≈≈≈≈≈...........
..k########≈.#.........## ≈≈≈P
#≈≈≈#≈##.........## #≈≈≈≈
#≈≈≈≈≈≈P.......#### ≈≈#≈≈
#P≈≈≈≈≈≈≈.....## ##
≈≈≈≈≈≈#≈≈≈P≈##≈.....####. ≈≈
?})≈P≈#†@≈#≈##≈....###... ≈8
≈≈$≈≈≈.k#≈≈≈≈≈...#. ###. ≈.≈≈
≈≈$≈#P.≈†≈≈≈†≈≈≈#.# ####. P≈
}$|≈≈≈.≈#≈#≈#.≈#### #.... ≈≈
≈≈≈≈≈≈#≈≈≈≈≈##..## #.... ≈≈
P≈≈≈≈≈#≈≈≈≈≈≈≈≈..# ###P.# ≈≈
≈≈≈≈≈≈#≈≈≈≈≈≈≈...# #....P
≈≈≈≈≈8#8≈≈.≈#....(###....
###################≈..≈.....P....


You could see a wind drake (repels missiles).

Vanquished Creatures
  A dire elephant (Lair:6)
  A minotaur (Gauntlet)
  5 hydras
  A merfolk avatar (Lair:6)
  2 two-headed ogres (D:10)
  A sea snake (Lair:6)
  Pikel (D:4)
  An orb spider (Lair:4)
  2 ugly things (D:11)
  An oklob plant (Lair:6)
  13 elephants
  2 black mambas
  4 torpor snails
  9 cane toads
  6 komodo dragons
  10 rime drakes
  4 polar bears
  2 meliai (D:10)
  A tyrant leech (Lair:3)
  2 hornets
  4 dream sheep (Lair:6)
  A wind drake (D:11)
  3 blink frogs (Lair:6)
  5 flying skulls (Gauntlet)
  53 yaks
  6 wyverns
  4 basilisks
  A steam dragon (D:11)
  Menkaure (D:7)
  2 swamp worms (Lair:3)
  17 water moccasins
  A hornet zombie (D:9)
  2 ice beasts
  2 phantoms
  4 black bears
  4 orc warriors
  10 ogres
  2 sky beasts
  A tengu (D:10)
  A necrophage (D:8)
  3 wolves (Lair:3)
  2 centaurs
  12 bullfrogs
  A gnoll sergeant (D:7)
  2 scorpions
  10 killer bees
  3 wights (D:7)
  A quasit (D:11)
  2 centaur zombies
  3 bullfrog skeletons
  4 jellies
  7 orc wizards
  An orc priest (D:5)
  Crazy Yiuf (D:4)
  2 centaur skeletons
  8 hounds
  7 iguanas
  Natasha (D:2)
  8 worker ants
  3 hell rats (D:6)
  A hound skeleton (D:4)
  Robin (D:2)
  6 gnolls
  15 adders
  4 river rats (D:6)
  2 shadow imps
  6 white imps
  An ooze (D:4)
  2 adder skeletons
  4 dart slugs
  2 leopard geckos
  22 orcs
  4 bats
  6 giant cockroaches
  13 goblins
  18 hobgoblins
  14 jackals
  16 kobolds
  8 quokkas
  5 ball pythons
  6 frilled lizards
  A jackal skeleton (D:6)
  2 quokka skeletons
  23 rats
  A bush (Lair:6)
  2 butterflies (Lair:5)
459 creatures vanquished.

Vanquished Creatures (others)
  18 fungi
  25 plants
  4 withered plants (Gauntlet)
47 creatures vanquished.

Grand Total: 506 creatures vanquished

Notes
Turn   | Place    | Note
-------+----------+-------------------------------------------
     0 | D:5      | RaHiT the Octopode Delver began the quest for the Orb.
     0 | D:5      | Reached XP level 1. HP: 16/16 MP: 1/1
     0 | D:5      | Found a white marble altar of Elyvilon.
    27 | D:5      | Noticed an orc wizard
    41 | D:5      | Found Yveyc's Antique Weapon Emporium.
   216 | D:5      | Reached skill level 7 in Stealth
   250 | D:5      | Reached XP level 2. HP: 21/21 MP: 2/2
   365 | D:4      | Found a glowing drain.
   378 | Sewer    | Entered a sewer
   591 | Sewer    | Reached skill level 1 in Spellcasting
   591 | Sewer    | Reached XP level 3. HP: 26/26 MP: 4/4
  1095 | Sewer    | Reached skill level 1 in Evocations
  1337 | Sewer    | Reached XP level 4. HP: 31/31 MP: 5/5
  2841 | D:2      | Reached XP level 5. HP: 29/36 MP: 6/6
  3329 | D:2      | Noticed Robin
  3372 | D:2      | Killed Robin
  3894 | D:2      | Noticed Natasha
  3905 | D:2      | Killed Natasha
  4245 | D:2      | Found a hide-covered altar of Uskayaw.
  4394 | D:3      | Found a stormy altar of Qazlal.
  4511 | D:3      | Found a glowing silver altar of Zin.
  4513 | D:3      | Found a shimmering blue altar of Sif Muna.
  4657 | D:3      | You fall into a shaft and drop 2 floors!
  4694 | D:4      | Noticed a phantom
  4699 | D:4      | Noticed an ogre
  4709 | D:4      | Found a staircase to the Ecumenical Temple.
  4716 | Temple   | Entered the Ecumenical Temple
  4898 | Temple   | Became a worshipper of Cheibriados the Contemplative
  4946 | D:4      | Reached XP level 6. HP: 41/42 MP: 7/7
  4978 | D:4      | Reached skill level 5 in Unarmed Combat
  5501 | D:4      | Found a runed translucent door.
  5502 | D:4      | Noticed Crazy Yiuf
  5508 | D:4      | Killed Crazy Yiuf
  5509 | D:4      | Reached skill level 1 in Throwing
  5561 | D:4      | Reached XP level 7. HP: 35/46 MP: 8/8
  5981 | D:4      | Noticed Pikel
  5987 | D:4      | Killed Pikel
  5988 | D:4      | Reached skill level 5 in Dodging
  5988 | D:4      | Reached XP level 8. HP: 48/52 MP: 9/9
  6005 | D:4      | Reached skill level 1 in Shields
  6552 | D:3      | Reached * piety under Cheibriados
  7294 | D:6      | Reached skill level 8 in Stealth
  7548 | D:6      | Reached ** piety under Cheibriados
  7590 | D:6      | Reached skill level 9 in Stealth
  7590 | D:6      | Reached XP level 9. HP: 56/56 MP: 10/10
  7703 | D:6      | Found the +2 ratskin cloak {*Rats rPois rN+ Str-1 Int-1
                  | Dex+1}
  7988 | D:6      | Reached skill level 10 in Stealth
  8173 | D:6      | Reached skill level 1 in Invocations
  8355 | D:6      | Reached *** piety under Cheibriados
  8546 | D:7      | You fall into a shaft and drop 2 floors!
  8651 | D:9      | Noticed a hornet
  8664 | D:9      | Found a staircase to the Lair.
  8890 | D:7      | Reached skill level 5 in Invocations
  9021 | D:7      | Got a bone trident
  9037 | D:7      | Noticed Menkaure
  9073 | D:7      | Noticed a cyclops
  9093 | D:7      | Found an iron altar of Okawaru.
  9265 | D:7      | Killed Menkaure
  9313 | D:7      | Upgraded the game from 0.26-a0-851-g735459dd53 to
                  | 0.26-a0-854-gdc81c2f471
  9377 | D:7      | Reached skill level 5 in Fighting
  9433 | D:7      | Reached **** piety under Cheibriados
  9438 | D:7      | Reached XP level 10. HP: 43/66 MP: 13/15
  9898 | D:8      | Identified the +2 trident of Moral Flaws {freeze, +Fly rC+
                  | SInv} (You found it on level 7 of the Dungeon)
 10027 | D:9      | Gained mutation: One of your tentacles bears a spike.
                  | [potion of mutation]
 10027 | D:9      | Gained mutation: Your spells are a little easier to cast,
                  | but a little less powerful. [potion of mutation]
 10027 | D:9      | Gained mutation: One of your tentacles bears a nasty spike.
                  | [potion of mutation]
 10041 | D:9      | Noticed an elephant
 10054 | D:9      | Killed an elephant
 10481 | D:9      | Reached ***** piety under Cheibriados
 10634 | D:9      | Reached skill level 5 in Throwing
 10841 | D:10     | Entered Level 10 of the Dungeon
 10884 | D:10     | Noticed a two-headed ogre
 11133 | D:10     | Reached skill level 5 in Evocations
 11312 | D:10     | Learned a level 3 spell: Confusing Touch
 11405 | D:10     | Reached XP level 11. HP: 70/72 MP: 17/17
 11415 | D:10     | Killed a two-headed ogre
 11503 | D:10     | Found Lagogg's Assorted Antiques.
 11508 | D:10     | Bought a scroll of identify for 48 gold pieces
 11508 | D:10     | Bought a brightly glowing marble ring for 120 gold pieces
 11508 | D:10     | Identified the ring of Denauhof {rElec rC+ Str+6 Int+4}
                  | (You bought it in a shop on level 10 of the Dungeon)
 11544 | D:10     | Noticed a two-headed ogre
 11554 | D:10     | Killed a two-headed ogre
 11572 | D:10     | Found Buckuefon's Gadget Emporium.
 11842 | D:11     | Noticed Erica
 11973 | D:11     | Found Lal Waergh's General Store.
 12184 | D:11     | Found a staircase to the Orcish Mines.
 12242 | D:11     | Reached skill level 5 in Shields
 12321 | D:11     | Bought a potion of lignification for 48 gold pieces
 12395 | D:11     | Noticed a purple ugly thing
 12405 | D:11     | Killed a purple ugly thing
 12438 | D:11     | Noticed a purple ugly thing
 12484 | D:11     | Killed a purple ugly thing
 12492 | D:11     | Noticed Erica
 12492 | D:11     | Erica changed into Erica the wind drake
 12501 | D:11     | Killed Erica the wind drake
 12858 | Lair:1   | Entered Level 1 of the Lair of Beasts
 12891 | Lair:1   | Found a sacrificial altar of Ru.
 12932 | Lair:1   | Found a gate leading to a gauntlet.
 12942 | Gauntlet | Entered a Gauntlet
 12942 | Gauntlet | Found a transporter.
 12949 | Gauntlet | Found a transporter.
 12951 | Gauntlet | Found a transporter.
 12955 | Gauntlet | Noticed an oklob plant
 12960 | Gauntlet | Found a transporter.
 12962 | Gauntlet | Found a transporter.
 12968 | Gauntlet | Noticed an obsidian statue
 12970 | Gauntlet | Found a transporter.
 12992 | Gauntlet | Found a transporter.
 12996 | Gauntlet | Noticed a death ooze
 13002 | Gauntlet | Found a transporter.
 13011 | Gauntlet | Noticed a green death
 13011 | Gauntlet | Noticed a wizard
 13012 | Gauntlet | Found a transporter.
 13013 | Gauntlet | Noticed a wizard
 13032 | Gauntlet | Found a transporter.
 13044 | Gauntlet | Noticed a soul eater
 13047 | Gauntlet | Found a transporter.
 13094 | Gauntlet | Found a transporter.
 13108 | Gauntlet | Found a transporter.
 13110 | Gauntlet | Found a transporter.
 13208 | Gauntlet | Reached skill level 1 in Hexes
 13430 | Gauntlet | Got a scorched steel ring
 13439 | Gauntlet | Identified the ring of Intercession {rF- rC+ MR++ Str+3
                  | Slay-4} (You found it in a Gauntlet)
 13482 | Gauntlet | Noticed a minotaur
 13492 | Gauntlet | Killed a minotaur
 14111 | Lair:1   | Reached XP level 12. HP: 79/79 MP: 18/18
 14119 | Lair:1   | Reached skill level 5 in Hexes
 14142 | Lair:1   | Found a snail-covered altar of Cheibriados.
 14178 | Lair:1   | Reached skill level 5 in Spellcasting
 14622 | Lair:2   | Noticed a four-headed hydra
 14631 | Lair:2   | Killed a four-headed hydra
 15239 | Lair:2   | Learned a level 4 spell: Cause Fear
 15555 | Lair:3   | Noticed a seven-headed hydra
 15580 | Lair:3   | Killed a seven-headed hydra
 15601 | Lair:3   | Noticed a four-headed hydra
 15868 | Lair:3   | Reached ****** piety under Cheibriados
 15894 | Lair:3   | Learned a level 1 spell: Apportation
 16059 | Lair:3   | You fall into a shaft and drop 1 floor!
 16285 | Lair:3   | Killed a four-headed hydra
 16290 | Lair:3   | Found a staircase to the Swamp.
 16550 | Lair:4   | Reached XP level 13. HP: 88/88 MP: 20/20
 16575 | Lair:4   | Found a hole to the Spider Nest.
 17336 | Lair:5   | Learned a level 6 spell: Statue Form
 17644 | Lair:5   | Found a blossoming altar of Fedhas.
 18226 | Lair:6   | Entered Level 6 of the Lair of Beasts
 18226 | Lair:6   | Found a viscous altar of Jiyva.
 18227 | Lair:6   | Found a staircase to the Slime Pits.
 18428 | Lair:6   | Reached skill level 1 in Transmutations
 18428 | Lair:6   | Reached skill level 1 in Earth Magic
 18804 | Lair:6   | Reached XP level 14. HP: 94/94 MP: 24/24
 19182 | Lair:6   | Reached skill level 5 in Transmutations
 19182 | Lair:6   | Reached skill level 5 in Earth Magic
 19234 | Lair:6   | Noticed a dire elephant
 19246 | Lair:6   | Killed a dire elephant
 19263 | Lair:6   | Killed from afar by a wind drake

Illustrated notes

Levels and vault maps discovered:
D:1:      mrwooster_arrival_arrow, layout_loops_corners, kennysheep_boxes
D:2:      layout_loops_corners, marbit_many_paths, uniq_natasha, uniq_robin
D:3:      layout_basic, lemuel_doored_altar, grunt_temple_overflow_open,
          grunt_decor_one_mirror
D:4:      layout_loops_corners, minmay_temple_entry_drinking_statues,
          cheibrodos_sewer_entry_drain, uniq_crazy_yiuf_cottage, uniq_pikel
D:5:      layout_basic, elyvilon_altar_5, serial_shops, shop_fountains
D:6:      wander_guarded_unrand_ratskin, layout_basic
D:7:      hangedman_cross_stitches, layout_rooms, okawaru_trees_2, uniq_menkaure
D:8:      layout_cave_pools
D:9:      layout_big_octagon, david_lair_generic
D:10:     layout_basic, serial_shops, shop, shop
D:11:     layout_irregular_city, orc_0_dummy, kennysheep_windowed_goal,
          uniq_erica
Temple:   eino_temple_scatter_basement
Lair:1:   layout_loops_ring, basic_altar, gauntlet_entry_generic, st_stairs_7,
          kennysheep_snail_temple
Lair:2:   layout_hall_layers
Lair:3:   layout_long_grid, palyth_hydra_swamp_entry
Lair:4:   layout_loops_ring, nicolae_spider_entry_orb_guardian
Lair:5:   layout_cave_pods, basic_altar, serial_bayou_lagoon_a,
          lemuel_fruit_fields, infiniplex_staircase_pool_2, lemuel_fruit_tree
Lair:6:   gammafunk_lair_ancient_temple, layout_cave_pods, slime_altar_1,
          eino_small_chamber_without_monster,
          eino_small_chamber_without_monster, minmay_stone_trees_small,
          minmay_lair_oklob_items

Skill      XL: |  1  2  3  4  5  6  7  8  9 10 11 12 13 14 |
---------------+-------------------------------------------+-----
Stealth        | 7 9 10 | 10.0
Spellcasting   | 1 4 5 7 |  7.0
Unarmed Combat | 3 4 6 8 |  8.0
Evocations     | 1 2 3 6 8 |  8.0
Throwing       | 1 3 5 6 8 |  8.0
Dodging        | 5 6 8 |  8.0
Shields        | 4 6 8 |  8.0
Invocations    | 6 9 |  9.0
Fighting       | 5 6 8 |  8.0
Hexes          | 4 6 |  6.0
Transmutations | 4 5 |  5.8
Earth Magic    | 4 5 |  5.8

Action                   |  1- 3 |  4- 6 |  7- 9 | 10-12 | 13-15 || total
-------------------------+-------+-------+-------+-------+-------++-------
Melee: Unarmed           |    74 |   189 |   194 |   282 |   257 ||   996
       Constrict         |    19 |    50 |    46 |    67 |    23 ||   205
       Tentacles         |    14 |    32 |    68 |   112 |   124 ||   350
       Punch             |     2 |     5 |    18 |    31 |    43 ||    99
       Kick              |       |       |       |   190 |   198 ||   388
       Trident           |       |       |       |     9 |       ||     9
Throw: Stone             |    10 |    12 |    34 |    10 |    98 ||   164
       Dart              |       |     7 |    82 |    68 |     2 ||   159
       Boomerang         |       |       |    14 |    78 |    15 ||   107
       Throwing net      |       |       |       |     2 |       ||     2
 Cast: Confusing Touch   |       |       |       |     7 |     8 ||    15
       Apportation       |       |       |       |     2 |    28 ||    30
Invok: Slouch            |       |       |       |     1 |     4 ||     5
Evoke: Wand              |       |     4 |     2 |     9 |     2 ||    17
  Use: Scroll            |     1 |    10 |    12 |    11 |     4 ||    38
       Potion            |       |       |     1 |     2 |     1 ||     4
 Stab: Sleeping          |    10 |    32 |    16 |    22 |     5 ||    85
       Distracted        |       |     1 |     1 |     2 |     2 ||     6
       Paralysed         |       |       |       |     8 |       ||     8
       Held in net/web   |       |       |       |     1 |       ||     1
       Confused          |       |       |       |     9 |     9 ||    18
Armor: Skin              |     3 |    11 |     1 |     4 |     5 ||    24
Dodge: Dodged            |    35 |    76 |    71 |   110 |    78 ||   370
Block: Other             |       |       |    17 |       |       ||    17
       Reflection        |       |       |     4 |     4 |     1 ||     9
       Buckler           |       |       |     8 |   155 |   113 ||   276

Table legend: (Time is in decaauts)
 A = Elapsed time spent in this place.
 B = Non-inter-level travel time spent in this place.
 C = Inter-level travel time spent in this place.
 D = Time resting spent in this place.
 E = Time spent auto-exploring this place.
 F = Levels seen in this place.
 G = Mean time per level.
                   A        B        C        D        E       F      G
               +--------+--------+--------+--------+--------+-----+--------+
         Total |  26484 |  25281 |   1203 |   3296 |   7532 |  20 | 1324.2 |
       Dungeon |  14699 |  13839 |    860 |   1892 |   4618 |  11 | 1336.3 |
        Temple |    207 |    207 |      0 |      0 |    174 |   1 |  207.0 |
          Lair |   9526 |   9184 |    342 |    649 |   2281 |   6 | 1587.7 |
         Sewer |    985 |    985 |      0 |    396 |     75 |   1 |  985.0 |
      Gauntlet |   1066 |   1066 |      0 |    359 |    384 |   1 | 1066.0 |
               +--------+--------+--------+--------+--------+-----+--------+

Top non-repeatable levels by time:
  Lair:2: 1754 daAuts
  Lair:5: 1733 daAuts
     D:4: 1696 daAuts
    D:11: 1682 daAuts
     D:6: 1652 daAuts
     D:2: 1605 daAuts
  Lair:3: 1560 daAuts
  Lair:6: 1553 daAuts
  Lair:4: 1476 daAuts
  Lair:1: 1448 daAuts
     D:9: 1421 daAuts
    D:10: 1367 daAuts
     D:1: 1265 daAuts
     D:5: 1110 daAuts
     D:7: 1086 daAuts
